 Dungeon Crawl Stone Soup version 0.20-a0 (webtiles) character file.

744 hairmachine the Cleaver (level 7, 0/61 HPs)
             Began as a Hill Orc Abyssal Knight on Oct 27, 2016.
             Was a Priest of Lugonu.
             Hit by a stone thrown by an orc warrior (15 damage)
             ... on level 5 of the Dungeon.
             The game lasted 00:17:31 (6467 turns).

hairmachine the Cleaver (Hill Orc Abyssal Knight)   Turns: 6467, Time: 00:17:47

Health: 0/61       AC:  9    Str: 17    XL:     7   Next: 76%
Magic:  8/8        EV:  8    Int: 12    God:    Lugonu [***...]
Gold:   305        SH:  5    Dex: 10    Spells: 0 memorised, 6 levels left

rFire  . . .     SeeInvis .     x - +3 dagger (venom)
rCold  . . .     Gourm    .     s - +0 scale mail
rNeg   . . .     Faith    .     e - +2 buckler
rPois  .         Spirit   .     (no helmet)
rElec  .         Reflect  .     y - +0 cloak
rCorr  .         Harm     .     h - +0 pair of gloves (curse)
MR     .....                    (no boots)
Stlth  ..........               (no amulet)
                                (no ring)
                                (no ring)

@: no status effects
A: no striking features
a: Depart the Abyss, Bend Space, Banish, Renounce Religion


You were on level 5 of the Dungeon.
You worshipped Lugonu.
Lugonu was most pleased with you.
You were hungry.

You visited 1 branch of the dungeon, and saw 5 of its levels.
You visited the Abyss 1 time.

You collected 305 gold pieces.


   Skills:
 * Level 5.1 Fighting
 - Level 10.0 Axes
 + Level 3.2 Armour
 - Level 0.7 Dodging
 - Level 2.4 Invocations


You had 6 spell levels left.
You didn't know any spells.

Inventory:

Hand Weapons
 a - a +1 hand axe
 x - a +3 dagger of venom (weapon)
   (You took it off an orc wizard on level 3 of the Dungeon)
Missiles
 g - 89 stones (quivered)
Armour
 b - a +0 leather armour
 e - a +2 buckler (worn)
   (You found it on level 1 of the Dungeon)
 h - a cursed +0 pair of gloves (worn)
   (You found it on level 2 of the Dungeon)
 s - a +0 scale mail (worn)
   (You took it off an orc on level 3 of the Dungeon)
 y - a +0 cloak (worn)
   (You found it on level 5 of the Dungeon)
Jewellery
 j - an uncursed ring of ice {unknown}
   (You found it on level 2 of the Dungeon)
 A - a +1 ring of slaying {unknown}
   (You took it off an orc on level 5 of the Dungeon)
Wands
 q - a wand of digging (19/24)
   (You took it off Ijyb on level 3 of the Dungeon)
Scrolls
 f - 3 scrolls of remove curse {!r}
 k - 2 scrolls of enchant weapon {!r, unknown}
 n - 2 scrolls of noise {!r, unknown}
 o - 5 scrolls of teleportation {!r, unknown}
 r - 2 scrolls of recharging {!r, unknown}
 t - 6 scrolls of identify {!r, unknown}
 u - 2 scrolls of fear {!r, unknown}
 v - a scroll of random uselessness {!r, unknown}
Potions
 i - 2 potions of mutation {!q, unknown}
 l - a potion of degeneration {!q, unknown}
 m - a potion of lignification {!q, unknown}
 w - a potion of might {!q}
 B - a potion of curing {!q, unknown}
Comestibles
 c - 4 bread rations
 d - 2 beef jerkies
 p - 7 fruits
 z - 7 chunks of flesh

Dungeon Overview and Level Annotations

Branches:
Dungeon (5/15)
 Temple: D:4-7

Altars:
Ashenzari
The Shining One

Annotations:
D:4 Blork the orc

#..........#..#.......#
#.....##...#..'.@.....#
#.....##...#..#.......#
#.........######).....#
#.....>...##..##...>.##
#.............##.....##
#.....##.......o......#
#.....##..##.o##......#
#.....##..##..##.....##
#.(....#..(..[##(....##
#..o...#(......(......#
#..<...#...)..........#
#..o..##.o######.##..##
#..(..##..######[##..##
#......#.(............#
#......#.o............#
#..o...#..............#


You could see an orc warrior.


Message History

The ogre is almost dead.
You block the ogre's attack.
You kill the ogre!
Your Fighting skill increases to level 5!
Your Armour skill increases to level 3!
You start resting.
An orc wizard comes into view. It is wielding a dagger.
The orc wizard shouts!
Things that are here:
a giant club; an ogre corpse You start resting.
Things that are here:
a giant club; an ogre corpse You hit the orc wizard but do no damage.
The orc wizard is poisoned.
The orc wizard casts a spell at you. The puff of flame hits you!
You hit the orc wizard.
You kill the orc wizard!
Things that are here:
a dagger; a robe; an orc corpse You butcher the orc corpse.
z - a chunk of flesh
Things that are here:
a dagger; a robe
Things that are here:
a giant club; an ogre corpse You butcher the ogre corpse.
z - 7 chunks of flesh (gained 6)
You see here a giant club.
You start resting.
HP restored.
t - 6 scrolls labeled GENLEO GUWNAUH {!r} (gained 1)
There is an escape hatch in the floor here.
Things that are here:
a leather armour; a club
Things that are here:
a robe; a dagger The orc shouts!
The orc throws a stone.
You block the stone.
You see here a stone.
The orc throws a stone.
You block the stone.
You see here a stone.
The orc throws a stone.
The stone barely misses you.
You start waiting.
The orc throws a stone.
The stone hits you.
You see here a stone.
Damage: -3%(-2hp) hp: 97%(59hp)
The orc warrior shouts!
The orc hits you but does no damage.
You closely miss the orc. The orc hits you but does no damage.
You hit the orc.
The orc is poisoned.
The orc is moderately wounded.
The orc hits you but does no damage.
The orc throws a stone.
The stone hits you but does no damage.
You see here 2 stones.
The orc throws a stone.
The stone barely misses you.
The orc throws a stone.
The stone hits you but does no damage.
You see here a stone.
The orc throws a stone.
The stone hits you but does no damage.
The orc warrior throws a stone.
You block the stone.
You see here 2 stones.
The orc throws a stone.
The stone hits you but does no damage.
The orc warrior throws a stone.
The stone hits you but does no damage.
You see here a stone.
You feel a bit more experienced.
The orc warrior throws a stone.
The stone hits you!
You see here a stone.
Huge Dmg: -22%(-14hp) hp: 78%(47hp)
You start resting.
You block the orc warrior's attack.
You barely miss the orc warrior.
The orc warrior hits you but does no damage.
You hit the orc warrior but do no damage.
The orc warrior hits you with a short sword!
* * * LOW HITPOINT WARNING * * *
Huge Dmg: -17%(-10hp) hp: 64%(39hp)
You closely miss the orc warrior.
The orc warrior hits you with a short sword!!
* * * LOW HITPOINT WARNING * * *
Huge Dmg: -31%(-19hp) hp: 33%(20hp)
The orc warrior throws a stone.
The stone hits you but does no damage.
You see here a stone.
The orc warrior throws a stone.
The stone hits you but does no damage.
You see here a stone.
The orc warrior throws a stone.
The stone barely misses you.
The orc warrior throws a stone.
The stone hits you!
* * * LOW HITPOINT WARNING * * *
You see here a stone.
Huge Dmg: -15%(-9hp) hp: 20%(12hp)
The orc warrior throws a stone.
The stone closely misses you.
The orc warrior throws a stone.
You block the stone.
You see here a stone.
The orc warrior throws a stone.
The stone closely misses you.
You see here a stone.
You see here a giant club.
The orc warrior throws a stone.
The stone closely misses you.
You are feeling hungry.
The orc warrior throws a stone.
The stone hits you!
You die...

Vault maps used:
D:1:      scummos_arrival_simple_crosswalls
D:2:      nicolae_overflow_hidden_temple
D:3:      lemuel_crystal_altar, first_bread, uniq_iyjb
D:4:      cheibrodos_quashed, grunt_temple_overflow_order_and_chaos_1,
          uniq_natasha, uniq_blork_the_orc
D:5:      st_stairs_11, kennysheep_diamond

Notes
Turn   | Place    | Note
-------+----------+-------------------------------------------
     0 | Abyss:1  | hairmachine the Hill Orc Abyssal Knight began the quest for the Orb.
     0 | Abyss:1  | Reached XP level 1. HP: 19/19 MP: 2/2
     6 | D:1      | Escaped the Abyss
    62 | D:1      | Reached skill level 3 in Axes
   239 | D:1      | Reached XP level 2. HP: 18/26 MP: 3/3
   431 | D:1      | Reached skill level 4 in Axes
   553 | D:1      | Reached ** piety under Lugonu
   618 | D:1      | Reached XP level 3. HP: 15/31 MP: 4/4
  1111 | D:1      | Reached skill level 5 in Axes
  1578 | D:2      | Reached XP level 4. HP: 32/39 MP: 5/5
  2307 | D:2      | Reached skill level 6 in Axes
  2809 | D:2      | Found a shattered altar of Ashenzari.
  2871 | D:3      | Noticed Ijyb
  2892 | D:3      | Killed Ijyb
  3011 | D:3      | Found a glowing golden altar of the Shining One.
  3024 | D:3      | Reached XP level 5. HP: 45/45 MP: 6/6
  3292 | D:3      | Reached skill level 7 in Axes
  3904 | D:3      | Reached skill level 8 in Axes
  3904 | D:3      | Reached XP level 6. HP: 31/51 MP: 7/7
  4242 | D:4      | Noticed Natasha
  4249 | D:4      | Killed Natasha
  4362 | D:3      | Reached skill level 9 in Axes
  4815 | D:4      | Noticed Natasha
  4829 | D:4      | Killed Natasha
  4829 | D:4      | Reached XP level 7. HP: 50/57 MP: 8/8
  4887 | D:4      | Reached *** piety under Lugonu
  5006 | D:4      | Noticed Blork the orc
  5208 | D:5      | Entered Level 5 of the Dungeon
  5229 | D:5      | Reached skill level 10 in Axes
  6296 | D:5      | Reached skill level 5 in Fighting
  6467 | D:5      | Hit by a stone thrown by an orc warrior

Vanquished Creatures
  An ogre (D:5)
  4 howler monkeys
  2 orc priests (D:3)
  4 orc wizards
  A hound (D:4)
  Ijyb (D:3)
  Natasha (twice) (D:4)
  A hound skeleton (D:5)
  5 adders
  7 gnolls
  3 worms
  4 dart slugs
  4 leopard geckos
  10 orcs
  8 bats
  4 giant cockroaches
  7 goblins
  7 hobgoblins
  6 jackals (D:1)
  A quokka (D:4)
  3 ball pythons
  3 frilled lizards
  A jackal skeleton (D:5)
  6 kobolds
  A leopard gecko zombie (D:5)
  A quokka skeleton (D:4)
  9 rats
106 creatures vanquished.

Action                   |  1- 3 |  4- 6 |  7- 9 || total
-------------------------+-------+-------+-------++-------
Melee: Hand axe          |    89 |   122 |    46 ||   257
       Dagger            |       |    22 |    48 ||    70
Throw: Stone             |    65 |    46 |       ||   111
Invok: Bend Space        |       |       |     1 ||     1
  Use: Potion            |     1 |     1 |     2 ||     4
       Scroll            |       |     1 |       ||     1
  Eat: Chunk             |     2 |    10 |     5 ||    17
Armor: Leather armour    |    19 |    16 |       ||    35
       Scale mail        |       |     7 |    55 ||    62
Dodge: Dodged            |    48 |    52 |    35 ||   135
Block: Buckler           |    21 |    27 |    34 ||    82

Skill      XL: |  1  2  3  4  5  6  7 |
---------------+----------------------+-----
Axes           | 3 4 5 6 8 9 10 | 10.0
Fighting       | 5 |  5.1
Armour         | 3 |  3.2
Dodging        | |  0.7
Invocations    | |  2.4
